 Dungeon Crawl Stone Soup version 0.23-a0-49-gd9f7a49 (webtiles) character file.

23309 Amnesiac the Thaumaturge (level 12, -10/74 HPs)
             Began as a Mummy Earth Elementalist on Aug 6, 2018.
             Was a High Priest of Vehumet.
             Hit by a large rock thrown by a stone giant (37 damage)
             ... on level 2 of the Orcish Mines.
             The game lasted 00:32:05 (14918 turns).

Amnesiac the Thaumaturge (MuEE)                    Turns: 14918, Time: 00:32:06

Health: -10/74     AC: 14    Str: 11    XL:     12   Next: 70%
Magic:  30/30      EV: 11    Int: 18    God:    Vehumet [*****.]
Gold:   1509       SH:  5    Dex: 14    Spells: 24/39 levels left

rFire    + + .     SeeInvis .   b - +0 rapier (venom)
rCold    + . .     Gourm    .   j - +0 buckler
rNeg     + + +     Faith    .   A - +3 leather armour {rF+}
rPois    ∞         Spirit   .   (no helmet)
rElec    .         Reflect  .   z - +2 cloak {rF+}
rCorr    .         Harm     .   d - +0 pair of gloves
MR       +....                  (no boots)
Stlth    ++........             (no amulet)
HPRegen  0.22/turn              k - +4 ring of protection
MPRegen  0.22/turn              r - ring of protection from fire

@: no status effects
A: no food or potions, fire vulnerability, cold resistance 1, negative energy
resistance 3, torment resistance, unbreathing
a: Renounce Religion


You were on level 2 of the Orcish Mines.
You worshipped Vehumet.
Vehumet was extremely pleased with you.
You were not hungry.

You visited 3 branches of the dungeon, and saw 13 of its levels.
You also visited: Volcano.

You collected 1523 gold pieces.
You spent 14 gold pieces at shops.

Inventory:

Hand Weapons
 a - a +0 long sword
 b - a +0 rapier of venom (weapon)
Missiles
 g - 38 stones (quivered)
Armour
 d - a +0 pair of gloves (worn)
 j - a +0 buckler (worn)
 w - the +2 robe of Nyuxzi {rElec Regen+ Dex-4}
   (You found it on level 7 of the Dungeon)

   It affects your dexterity (-4).
   It insulates you from electricity.
   It increases your rate of regeneration.
 z - a +2 cloak of fire resistance (worn)
 A - a +3 leather armour of fire resistance (worn)
Jewellery
 k - a +4 ring of protection (left hand)
 r - a ring of protection from fire (right hand)
 u - an uncursed ring of teleportation
Wands
 n - a wand of paralysis (9)
Scrolls
 c - 3 scrolls of remove curse {!r}
 e - a scroll of noise {!r}
 f - 2 scrolls of teleportation {!r}
 i - a scroll of amnesia {!r}
 l - 2 scrolls of magic mapping {!r}
 m - 3 scrolls of enchant armour {!r}
 p - 3 scrolls of fog {!r}
 q - 4 scrolls of identify {!r}
 s - a scroll of enchant weapon {!r}
 t - a scroll of blinking {!r}


   Skills:
 - Level 1.5 Dodging
 - Level 1.5 Stealth
 - Level 4.0 Shields
 + Level 14.1 Spellcasting
 - Level 0.7 Transmutations
 * Level 14.1 Earth Magic


You had 24 spell levels left.
You knew the following spells:

 Your Spells              Type           Power        Failure   Level  Hunger
a - Stone Arrow           Conj/Erth      #####.       1%          3    N/A
b - Passwall              Tmut/Erth      #####...     1%          2    N/A
c - Sandblast             Erth           ######       0%          1    N/A
d - Lee's Rapid Deconstr  Erth           ######....   1%          5    N/A
e - Petrify               Tmut/Erth      #####...     3%          4    N/A

Your spell library contained the following spells:

 Spells                   Type           Power        Failure   Level  Hunger


Dungeon Overview and Level Annotations

Branches:
Dungeon (10/15)            Temple (1/1) D:4            Lair (0/6) D:9
    Orc (2/2) D:10            Elf (0/3) Orc:2

Altars:
Ashenzari
Cheibriados
Dithmenos
Elyvilon
Fedhas
Gozag
Hepliaklqana
Kikubaaqudgha
Makhleb
Nemelex Xobeh
Okawaru
Qazlal
Ru
Sif Muna
Trog
Uskayaw
Vehumet
Wu Jian
Xom
Yredelemnul
Zin
The Shining One
Beogh

Shops:
Orc:2 ?%}[[


Innate Abilities, Weirdness & Mutations

You do not eat or drink.
Your flesh is vulnerable to fire.
You are immune to poison.
Your flesh is cold resistant. (rC+)
You are immune to negative energy. (rN+++)
You are immune to unholy pain and torment.
You can survive without breathing.


Message History

The orc high priest invokes the aid of Beogh against you.
Beogh smites you!
Things that are here:
a robe; a dagger; a hand axe
Casting: Lee's Rapid Deconstruction (safe; 1% risk of failure)
Confirm with . or Enter, or press ? or * to list all spells.
Aiming: Lee's Rapid Deconstruction (safe; 1% risk of failure)
Press: ? - help, Dir - move target cursor A stone wall.
The wall shatters!
The blast of rock fragments hits the sun demon.
Casting: Lee's Rapid Deconstruction (safe; 1% risk of failure)
Confirm with . or Enter, or press ? or * to list all spells.
Aiming: Lee's Rapid Deconstruction (safe; 1% risk of failure)
Press: ? - help, Dir - move target cursor A stone wall.
The wall shatters!
The blast of rock fragments hits the neqoxec.
You kill the neqoxec!
The blast of rock fragments hits the sun demon.
The sun demon is moderately wounded.
Vehumet accepts your kill.
You feel your power returning.
The red devil disappears in a puff of smoke!
The sun demon disappears in a puff of smoke!
You feel a bit more experienced.
You start resting.
Magic restored.
Things that are here:
a scimitar; a leather armour
There is an entrance to Yckynk's Armour Shoppe here.
There is an entrance to Wuatuokh's Food Boutique here.
HP restored.
Done exploring.
Done exploring.
Done exploring.
There is an entrance to Yckynk's Armour Shoppe here.
You can access your shopping list by pressing '$'.
Done exploring.
Done exploring.
You see here a club.
Items here: ( ))) [[[ You see here a flail.
There is a stone staircase leading up here.
You climb upwards.
The orc shouts!
The stone giant shouts!
The stone giant hits you. You block the stone giant's attack.
There is a stone staircase leading down here.
Press: ? - help, v - describe, . - travel
Here: a stone giant The floor.
The stone giant hits you!!
You climb downwards.
There is a stone staircase leading up here.
Okay, then.
The stone giant throws a large rock.
The large rock hits you.
You see here a large rock.
Okay, then.
The stone giant throws a large rock.
The large rock hits you!
* * * LOW HITPOINT WARNING * * *
You see here a large rock.
The stone giant throws a large rock.
The large rock hits you!!!
Ouch! That really hurt!
You die...

#..##..##..#..###.#...##
##.##...##.#.∩# #..#...##
#..##.......## #.....#.##
##..##.....## #........#
##....##### ##..C.#.## ######
#......###
#################.(...#..##
..[..).........##(...#....##
....<.........##@..........######
............................##.#.
........[#.......................
)[).................#..........#.
......^....#.....................
.......[...).....................
..##.#...........................
.#..........)....................
...............[.................


You could see a stone giant.

Vanquished Creatures
  A dancing weapon (Volcano)
  4 orc high priests (Orc:2)
  5 wizards (Volcano)
  7 orc knights
  5 orc sorcerers
  Psyche (D:8)
  5 toenail golems (Volcano)
  6 trolls
  A hornet (D:9)
  Prince Ribbit (D:7)
  2 hippogriffs (D:10)
  A vampire (D:5)
  A wraith (D:5)
  3 yaks (D:10)
  A spriggan (D:7)
  2 hungry ghosts
  Menkaure (D:5)
  2 wargs
  The ghost of Conn321 the Sneak, an amateur OpFE (D:3)
  21 orc warriors
  2 phantoms
  A swamp drake (D:10)
  An ice beast (D:7)
  A hornet zombie (D:9)
  A necrophage (D:9)
  14 ogres
  A black bear (D:7)
  A sky beast (D:7)
  4 centaurs
  6 bullfrogs
  5 scorpions
  A wyvern skeleton (D:7)
  A wight (D:7)
  A howler monkey (D:4)
  7 crimson imps
  A bullfrog zombie (D:10)
  2 quasits
  3 bullfrog skeletons
  A jelly (D:7)
  6 hounds
  17 orc priests
  2 centaur skeletons
  21 orc wizards
  6 iguanas
  Natasha (thrice) (D:2)
  8 worker ants
  A hound zombie (D:3)
  3 hound skeletons
  A mummy (D:5)
  A howler monkey zombie (D:5)
  A worker ant zombie (D:9)
  7 adders
  3 gnolls (D:6)
  A howler monkey skeleton (D:8)
  2 shadow imps
  An ooze (D:5)
  An adder skeleton (D:4)
  An adder zombie (D:3)
  2 worms
  2 dart slugs
  6 leopard geckos
  93 orcs
  8 bats
  A giant cockroach (D:3)
  7 goblins
  4 hobgoblins
  4 jackals (D:7)
  8 kobolds
  8 quokkas
  5 frilled lizards
  A jackal skeleton (D:5)
  A quokka skeleton (D:3)
  A quokka zombie (D:7)
  10 rats
372 creatures vanquished.

Notes
Turn   | Place    | Note
-------+----------+-------------------------------------------
     0 | D:1      | Amnesiac the Mummy Earth Elementalist began the quest for the Orb.
     0 | D:1      | Reached XP level 1. HP: 13/13 MP: 4/4
   244 | D:3      | Reached XP level 2. HP: 5/19 MP: 2/5
   257 | D:3      | Found a runed door.
   257 | D:3      | Noticed Conn321's ghost (amateur OpFE)
   490 | D:3      | Reached XP level 3. HP: 19/24 MP: 3/7
   519 | D:3      | Learned a level 2 spell: Passwall
   523 | D:3      | Learned a level 3 spell: Stone Arrow
   541 | D:4      | Noticed an ogre
   746 | D:3      | Found a shadowy altar of Dithmenos.
   757 | D:4      | Reached XP level 4. HP: 27/30 MP: 4/9
   764 | D:4      | Learned a level 4 spell: Petrify
   765 | D:4      | Noticed an ogre
   779 | D:4      | Noticed an ogre
   790 | D:4      | Found a sacrificial altar of Ru.
   822 | D:4      | Killed an ogre
   822 | D:4      | Reached XP level 5. HP: 35/35 MP: 0/11
   899 | D:5      | Entered Level 5 of the Dungeon
  1122 | D:5      | Found a transporter.
  1122 | D:5      | Found a transporter.
  1122 | D:5      | Noticed a vampire
  1151 | D:4      | Noticed an ogre
  1159 | D:4      | Killed an ogre
  1166 | D:5      | Noticed a phantom
  1173 | D:4      | Reached XP level 6. HP: 38/41 MP: 8/13
  1202 | D:4      | Reached skill level 5 in Spellcasting
  1202 | D:4      | Reached skill level 5 in Earth Magic
  1209 | D:4      | Learned a level 5 spell: Lee's Rapid Deconstruction
  1256 | D:3      | Found a blossoming altar of Fedhas.
  1415 | D:3      | Reached XP level 7. HP: 28/46 MP: 3/15
  2105 | D:4      | Found a staircase to the Ecumenical Temple.
  2136 | Temple   | Entered the Ecumenical Temple
  3038 | D:2      | Noticed Natasha
  3165 | D:2      | Killed Natasha
  3730 | D:2      | Noticed Natasha
  3736 | D:2      | Killed Natasha
  4142 | D:2      | Noticed Natasha
  4154 | D:2      | Killed Natasha
  4877 | D:3      | Killed Conn321's ghost
  4877 | D:3      | Reached skill level 1 in Shields
  5014 | D:5      | Found a burning altar of Makhleb.
  5016 | D:5      | Found a radiant altar of Vehumet.
  5022 | D:5      | Became a worshipper of Vehumet
  5704 | D:5      | You fall through a shaft for 3 floors!
  5721 | D:8      | Found a shimmering altar of Xom.
  5746 | D:8      | Reached XP level 8. HP: 52/52 MP: 8/17
  5848 | D:8      | Found a shattered altar of Ashenzari.
  6138 | D:8      | Reached * piety under Vehumet
  6138 | D:8      | Offered knowledge of Magic Dart by Vehumet.
  6760 | D:8      | Noticed Psyche
  6765 | D:8      | Killed Psyche
  6864 | D:7      | Noticed Prince Ribbit
  6872 | D:7      | Killed Prince Ribbit
  6902 | D:7      | Reached XP level 9. HP: 29/57 MP: 1/21
  7389 | D:6      | Reached ** piety under Vehumet
  7389 | D:6      | Offered knowledge of Shock by Vehumet.
  7441 | D:6      | Found a deep blue altar of Sif Muna.
  7525 | D:6      | Found a glowing golden altar of the Shining One.
  7672 | D:5      | Found a basalt altar of Yredelemnul.
  7674 | D:5      | Noticed Menkaure
  7692 | D:5      | Found an ancient bone altar of Kikubaaqudgha.
  8075 | D:5      | Killed Menkaure
  8110 | D:5      | Offered knowledge of Throw Frost by Vehumet.
  8707 | D:7      | Reached XP level 10. HP: 47/63 MP: 14/23
  8722 | D:7      | Reached *** piety under Vehumet
  8735 | D:7      | Reached skill level 10 in Spellcasting
  8853 | D:7      | Reached skill level 10 in Earth Magic
  8957 | D:7      | Found a hide-covered altar of Uskayaw.
  8959 | D:7      | Found an ornate altar of the Wu Jian Council.
  9131 | D:7      | Got an ominously black robe
  9155 | D:7      | Identified the +2 robe of Nyuxzi {rElec Regen+ Dex-4} (You found it on level 7 of the Dungeon)
  9415 | D:9      | Offered knowledge of Throw Icicle by Vehumet.
  9623 | D:9      | Found a shimmering altar of Xom.
  9624 | D:9      | Found a shimmering altar of Xom.
  9869 | D:9      | Found a staircase to the Lair.
  9922 | D:9      | Found a shimmering altar of Xom.
  9922 | D:9      | Found a shimmering altar of Xom.
  9922 | D:9      | Found a shimmering altar of Xom.
  9922 | D:9      | Found a shimmering altar of Xom.
  9922 | D:9      | Found a shimmering altar of Xom.
  9922 | D:9      | Found a shimmering altar of Xom.
  9922 | D:9      | Noticed a fire crab
  9923 | D:9      | Found a shimmering altar of Xom.
 10068 | D:10     | Entered Level 10 of the Dungeon
 10092 | D:10     | Reached **** piety under Vehumet
 10113 | D:10     | Offered knowledge of Fulminant Prism by Vehumet.
 10468 | D:10     | Reached XP level 11. HP: 68/68 MP: 12/26
 10716 | D:10     | Reached ***** piety under Vehumet
 10716 | D:10     | Offered knowledge of Airstrike by Vehumet.
 10731 | D:10     | Found a roughly hewn altar of Beogh.
 10828 | D:10     | Found a staircase to the Orcish Mines.
 10874 | Orc:1    | Entered Level 1 of the Orcish Mines
 10874 | Orc:1    | Noticed an orc knight
 10904 | Orc:1    | Killed an orc knight
 10914 | Orc:1    | Noticed an orc knight
 10962 | Orc:1    | Found a dark tunnel.
 10994 | Volcano  | Entered a volcano
 11031 | Volcano  | Noticed a wizard
 11033 | Volcano  | Killed a wizard
 11041 | Volcano  | Noticed a wizard
 11043 | Volcano  | Killed a wizard
 11061 | Volcano  | Noticed a wizard
 11065 | Volcano  | Killed a wizard
 11198 | Volcano  | Noticed a wizard
 11200 | Volcano  | Killed a wizard
 11217 | Volcano  | Noticed a wizard
 11219 | Volcano  | Killed a wizard
 11483 | Volcano  | Noticed a mace of flaming
 11486 | Volcano  | Killed a mace of flaming
 11963 | Orc:1    | Noticed an orc sorcerer
 11968 | Orc:1    | Killed an orc sorcerer
 11982 | Orc:1    | Noticed an orc knight
 12187 | Orc:1    | Killed an orc knight
 12187 | Orc:1    | Reached XP level 12. HP: 30/74 MP: 4/29
 12710 | Orc:1    | Noticed a stone giant
 12814 | Orc:2    | Entered Level 2 of the Orcish Mines
 12951 | Orc:2    | Found Gyeplyud's Antique Armour Shoppe.
 12951 | Orc:2    | Found a staircase to the Elven Halls.
 13030 | Orc:2    | Noticed an orc high priest
 13037 | Orc:2    | Killed an orc high priest
 13412 | Orc:2    | Noticed an orc high priest
 13417 | Orc:2    | Noticed an orc high priest
 13613 | Orc:2    | Killed an orc high priest
 13616 | Orc:2    | Killed an orc high priest
 14140 | Orc:2    | Noticed an orc high priest
 14755 | Orc:2    | Found Wuatuokh's Food Boutique.
 14755 | Orc:2    | Found Fuommigi's Magic Scroll Boutique.
 14756 | Orc:2    | Found Yckynk's Armour Shoppe.
 14771 | Orc:2    | Found Diodayny's Gadget Shoppe.
 14775 | Orc:2    | Bought a scroll of noise for 14 gold pieces
 14792 | Orc:2    | Killed an orc high priest
 14918 | Orc:2    | Hit by a large rock thrown by a stone giant

Vault maps used:
D:1:      ebering_trefoil_3fold
D:2:      minmay_tiny_reverse_x, uniq_natasha
D:3:      fedhas_altar_3, grunt_dithmenos_smoke, serial_undead, serial_undead_d,
          serial_undead_a, serial_undead_b, serial_undead_d,
          hellmonk_ghost_happy_afterlife
D:4:      nicolae_overflow_crystal_walls, minmay_temple_entry_trees,
          first_ration
D:5:      gammafunk_temple_of_torment,
          grunt_temple_overflow_lords_of_destruction
D:6:      led_sif_pool, tso_oasis_becter, serial_bayou_pond_b
D:7:      minmay_blocky_corners, nicolae_overflow_hidden_temple, the_bakery,
          grunt_ministairs_11, uniq_prince_ribbit1
D:8:      lemuel_crystal_altar, ashenzari_altar_1, uniq_psyche
D:9:      dpeg_oklobed_lair, minmay_misc_feat_chi, xom_shifter_show
D:10:     erik_orc_1, special_room
Temple:   chequers_temple_sunken
Orc:1:    enter_volcano_1
Orc:2:    st_orc_elflike, serial_shops, nicolae_shop_trees
Volcano:  volcano_bunker

Skill      XL: |  1  2  3  4  5  6  7  8  9 10 11 12 |
---------------+-------------------------------------+-----
Spellcasting   | 3 4 5 6 8 9 11 13 14 | 14.1
Earth Magic    | 3 4 5 6 8 9 11 13 14 | 14.1
Shields        | 1 3 4 |  4.0
Dodging        | |  1.5
Stealth        | |  1.5
Transmutations | |  0.7

Action                   |  1- 3 |  4- 6 |  7- 9 | 10-12 || total
-------------------------+-------+-------+-------+-------++-------
Melee: Spear             |    34 |    14 |     1 |       ||    49
       Long sword        |       |       |   132 |    30 ||   162
       Rapier            |       |       |       |    10 ||    10
 Cast: Sandblast         |    18 |    28 |    95 |   150 ||   291
       Stone Arrow       |       |     2 |    71 |    39 ||   112
       Lee's Rapid Decon |       |       |    28 |   135 ||   163
       Passwall          |       |       |     1 |    12 ||    13
       Petrify           |       |       |       |    20 ||    20
Evoke: Wand              |       |       |    22 |    23 ||    45
       Sack of spiders   |       |       |     1 |       ||     1
  Use: Scroll            |       |       |    10 |     5 ||    15
 Stab: Sleeping          |     2 |       |     6 |       ||     8
       Petrified         |       |       |       |    12 ||    12
Armor: Robe              |     6 |     1 |    44 |    18 ||    69
       Leather armour    |       |       |       |    11 ||    11
Dodge: Dodged            |    23 |    14 |   156 |    66 ||   259
Block: Buckler           |       |       |    23 |    18 ||    41
       Rpst.: Long sword |       |       |    45 |    14 ||    59

Table legend:
 A = Spawn XP
 B = Non-spawn XP
 C = Spawn XP percentage of total XP
 D = Spawn monster count
 E = Non-spawn monster count
 F = Spawn count percentage of total count
 G = Total turns spent on level
                    A         B        C        D         E        F      G
               +---------+---------+-------+---------+---------+-------+---------
         Total |       0 |   33299 |   0.0 |       0 |     372 |   0.0 | 14918
               +---------+---------+-------+---------+---------+-------+---------
           D:1 |       0 |      30 |   0.0 |       0 |      18 |   0.0 |   666
           D:2 |       0 |     148 |   0.0 |       0 |      19 |   0.0 |  2025
           D:3 |       0 |     361 |   0.0 |       0 |      27 |   0.0 |  1437
           D:4 |       0 |     686 |   0.0 |       0 |      16 |   0.0 |   956
           D:5 |       0 |    1161 |   0.0 |       0 |      27 |   0.0 |  1166
           D:6 |       0 |    1099 |   0.0 |       0 |      23 |   0.0 |   641
           D:7 |       0 |    2214 |   0.0 |       0 |      36 |   0.0 |   961
           D:8 |       0 |    1059 |   0.0 |       0 |      23 |   0.0 |  1217
           D:9 |       0 |    1643 |   0.0 |       0 |      20 |   0.0 |   793
          D:10 |       0 |    3875 |   0.0 |       0 |      78 |   0.0 |   816
         Orc:1 |       0 |    5546 |   0.0 |       0 |      34 |   0.0 |  1898
         Orc:2 |       0 |    8991 |   0.0 |       0 |      40 |   0.0 |  1450
       Volcano |       0 |    6486 |   0.0 |       0 |      11 |   0.0 |   686
               +---------+---------+-------+---------+---------+-------+---------
